 Dungeon Crawl Stone Soup version 0.31-a0-986-g5e6e4ef867 (webtiles) character file.

Game seed: 9436512766382734160

46 Dittersdorf the Trooper (level 3, 0/29 HPs)
             Began as a Human Fighter on Nov 7, 2023.
             Slain by a gnoll
             ... wielding a +0 flail
              (2 damage)
             ... on level 2 of the Dungeon.
             The game lasted 00:01:07 (989 turns).

Dittersdorf the Trooper (Human Fighter)              Turns: 989, Time: 00:01:07

Health: 0/29       AC:  6    Str: 18    XL:     3   Next: 95%
Magic:  3/3        EV:  9    Int:  8    God:
Gold:   75         SH:  4    Dex: 12    Spells: 2/2 levels left

rFire   . . .        a - +0 long sword
rCold   . . .        c - +0 buckler
rNeg    . . .        b - +0 scale mail
rPois   +            (no helmet)
rElec   .            (no cloak)
rCorr   .            (no gloves)
SInv    .            (no boots)
Will    .....        (no amulet) Stlth
                     e - ring of poison resistance
HPRegen 0.24/turn    j - ring of flight
MPRegen 0.08/turn

%: no passive effects
@: flying
A: no striking features
a: no special abilities


You were on level 2 of the Dungeon.
You visited 1 branch of the dungeon, and saw 2 of its levels.

You collected 75 gold pieces.

Inventory:

Hand Weapons
 a - a +0 long sword (weapon)
Armour
 b - a +0 scale mail (worn)
 c - a +0 buckler (worn)
Jewellery
 e - a ring of poison resistance (left hand)
 j - a ring of flight (right hand)
Wands
 m - a wand of quicksilver (9)
Scrolls
 f - a scroll of amnesia {unknown}
 g - 3 scrolls of identify {unknown}
 i - a scroll of noise {unknown}
Potions
 d - a potion of might
 h - a potion of mutation {unknown}
 k - 2 potions of curing {unknown}
 l - a potion of enlightenment {unknown}


   Skills:
 + Level 3.4 Fighting
 + Level 2.5 Long Blades
 + Level 3.3 Armour
 + Level 3.4 Shields


You had 2 spell levels left.
You didn't know any spells.
Your spell library was empty.

Dungeon Overview and Level Annotations

Branches:
Dungeon (2/15)

Altars:

Shops:
D:1 (


Message History

You hit the gnoll.
The gnoll is almost dead.
The gnoll hits you but does no damage.
The gnoll hits you from afar with a +0 spear.
The gnoll barely misses you.
The gnoll hits you from afar with a +0 spear!
* * * LOW HITPOINT WARNING * * *
You are too injured to fight recklessly!
You are too injured to fight recklessly!
You are too injured to fight recklessly!
You are too injured to fight recklessly!
You are too injured to fight recklessly!
You are too injured to fight recklessly!
You are too injured to fight recklessly!
You are too injured to fight recklessly!
You are too injured to fight recklessly!
You are too injured to fight recklessly!
You are too injured to fight recklessly!
You are too injured to fight recklessly!
You are too injured to fight recklessly!
You are too injured to fight recklessly!
You are too injured to fight recklessly!
You are too injured to fight recklessly!
You are too injured to fight recklessly!
You are too injured to fight recklessly!
You are too injured to fight recklessly!
You are too injured to fight recklessly!
The gnoll attacks as it pursues you! The gnoll hits you but does no damage.
You barely miss the gnoll.
The gnoll is severely wounded.
The gnoll hits you with a +0 flail.
* * * LOW HITPOINT WARNING * * *
You block the gnoll's attack. The gnoll attacks as it pursues you!
You block the gnoll's attack. The gnoll attacks as it pursues you!
The gnoll hits you with a +0 flail.
* * * LOW HITPOINT WARNING * * *
The gnoll attacks as it pursues you! The gnoll hits you but does no damage.
The gnoll attacks as it pursues you! You block the gnoll's attack.
The gnoll attacks as it pursues you! The gnoll hits you with a +0 flail.
You die...

# . # .## # ..# # #+#
#g# # ##.######## #S# #
####.........# #)# #
#......#####.# #.#
#.##...#####.#####.#
####.#..........@g.gS.#
..........#####.#######
####.##...#####.#
#.##....>....#
#......####### ########


You could see 2 gnolls and an adder.

Vanquished Creatures
  A gnoll (D:2)
  An adder (D:2)
  7 ball pythons
  An endoplasm (D:1)
  2 giant cockroaches (D:1)
  A goblin (D:1)
  2 hobgoblins
  2 quokkas (D:1)
  6 bats
  2 frilled lizards
  2 kobolds
  4 rats
31 creatures vanquished.

Notes
Turn   | Place    | Note
-------+----------+-------------------------------------------
     0 | D:1      | Dittersdorf the Human Fighter began the quest for the Orb.
     0 | D:1      | Reached XP level 1. HP: 18/18 MP: 1/1
   105 | D:1      | Reached XP level 2. HP: 23/24 MP: 2/2
   298 | D:1      | Found Watt's Weapon Emporium.
   364 | D:1      | Reached XP level 3. HP: 29/29 MP: 3/3
   987 | D:2      | HP: 1/29 [gnoll/+0 flail (6)]
   989 | D:2      | Slain by a gnoll

Illustrated notes

Levels and vault maps discovered:
D:1:      dpeg_arrival_rooms_a, layout_rooms, serial_shops, shop
D:2:      layout_loops_corners, serial_glass, glass_columns_a, glass_columns_b,
          uniq_jessica

Action                     || total
---------------------------++-------
  Melee: Long sword        ||    90
 Armour: Scale mail        ||    64
  Dodge: Dodged            ||    43
  Block: Buckler           ||    29

Table legend: (Time is in decaauts)
 A = Elapsed time spent in this place.
 B = Non-inter-level travel time spent in this place.
 C = Inter-level travel time spent in this place.
 D = Time resting spent in this place.
 E = Time spent auto-exploring this place.
 F = Levels seen in this place.
 G = Mean time per level.
                   A        B        C        D        E       F      G
               +--------+--------+--------+--------+--------+-----+--------+
         Total |   1017 |    987 |     30 |      0 |    766 |   2 |  508.5 |
       Dungeon |   1017 |    987 |     30 |      0 |    766 |   2 |  508.5 |
               +--------+--------+--------+--------+--------+-----+--------+

Top non-repeatable levels by time:
     D:1: 537 daAuts
     D:2: 479 daAuts
